Map: Ruins of Endion

Players

Hani - Winner!

  • Race: Zerg Zerg
  • League: Master

Miszu

  • Race: Zerg Zerg
  • League: Master

VOD

Have the link to the VOD?

Description

Time

  • Played on: July 2, 2016, 5:07 p.m.
  • Length: 3:49
Show
View Real Time Build Order
Export as new Build Order

Hani Zerg - Winner!

Build Orders: Hatch First 

Get SALT Encoding   

  12  0:02  Drone  
  13  0:13  Overlord  
  13  0:18  Drone  
  14  0:32  Drone x2  
  16  0:36  Drone  
  17  0:52  Hatchery  
  16  1:01  Drone  
  16  1:04  Extractor  
  16  1:05  Drone  
  17  1:15  Spawning Pool  
  17  1:16  Drone  
  17  1:20  Drone  
  18  1:31  Drone  
  19  1:40  Drone  
  20  2:01  Queen  
  20  2:05  Queen  
  20  2:06  Overlord  
  24  2:09  Drone  
  24  2:10  Metabolic Boost, Drone  
  24  2:15  Drone  
  27  2:18  Zergling x2  
  28  2:25  Zergling x2  
  28  2:27  Zergling x2  
  30  2:38  Drone x2  
  30  2:39  Baneling Nest  
  31  2:45  Zergling x2  
  31  2:49  Zergling x2  
  32  3:14  Overlord  
  32  3:15  Drone x3  
  35  3:27  Hatchery  
  35  3:31  Drone  
  35  3:33  Drone x5  
Show
View Real Time Build Order
Export as new Build Order

Miszu Zerg 

Build Orders: Hatch First 

Get SALT Encoding   

  12  0:01  Drone  
  13  0:13  Overlord  
  13  0:18  Drone  
  14  0:31  Drone x2  
  16  0:38  Drone  
  17  0:53  Hatchery  
  17  0:55  Drone  
  17  1:02  Drone  
  18  1:04  Extractor  
  17  1:14  Spawning Pool  
  16  1:22  Drone x2  
  18  1:28  Drone  
  19  1:39  Overlord  
  19  1:52  Drone  
  20  2:02  Drone  
  20  2:04  Metabolic Boost  
  20  2:06  Queen x2  
  25  2:12  Zergling x4  
  27  2:15  Zergling x2  
  27  2:22  Overlord  
  28  2:26  Drone  
  29  2:33  Drone  
  29  2:36  Baneling Nest  
  29  2:37  Drone  
  30  2:46  Drone  
  30  2:48  Drone  
  32  2:55  Drone  
  33  3:09  Drone x2  
  34  3:16  Drone x6  
  40  3:20  Drone x2  
  42  3:29  Zergling x4  
  42  3:34  Hatchery  
Tags
 
Add a new tag
Caveats
  • Supply blocks, unpowered buildings, or Contaminate may cause inaccurate times.
  • Supply counts are checked every 10 seconds.